 Dungeon Crawl Stone Soup version 0.25-a0-589-g1e14c549ee (webtiles) character file.

Game seed: 17646459985323312628, levelgen mode: deterministic

503769 Emblim88 the End of an Era (level 25, -14/158 HPs)
             Began as a Gnoll Fighter on Mar 11, 2020.
             Was the Champion of Qazlal.
             Killed from afar by a quicksilver dragon (35 damage)
             ... with a bolt of dispelling energy
             ... on level 5 of the Vaults on Mar 12, 2020.
             The game lasted 03:11:25 (53647 turns).

Emblim88 the End of an Era (Gnoll Fighter)         Turns: 53647, Time: 03:11:25

Health: -14/158    AC: 44    Str: 30    XL:     25   Next: 80%
Magic:  0/38       EV: 16    Int: 10    God:    Qazlal [******]
Gold:   323        SH: 36    Dex: 16    Spells: 18/54 levels left

rFire    + + .     SeeInvis .   A - +4 sacred scourge (holy)
rCold    + + .     Gourm    .   R - +6 tower shield {rC+}
rNeg     . . .     Faith    .   p - +13 plate armour "Daitt" {rPois rF++ Dex+2}
rPois    +         Spirit   +   K - +2 hat
rElec    .         Reflect  .   O - +2 cloak {MR+}
rCorr    .         Harm     .   (no gloves)
MR       +++..     Rnd*Rage +   I - +2 pair of boots {run}
Stlth    +.........             J - amulet of guardian spirit
HPRegen  0.36/turn              T - ring "Uplip" {rPois rC+ MR+}
MPRegen  0.26/turn              v - ring of Shadows {Umbra +Inv Stlth+}

@: protected from physical damage, slightly contaminated, wreathed by umbra,
drained, repel missiles, quick
A: distributed training, fangs 1, thin metallic scales 1, berserk 1, clumsy 1,
dopey 1, frail 2, low mp 1, strong 1, wild magic 1, MP-powered wands, strong
nose
}: 1/15 runes: gossamer
a: Upheaval, Elemental Force, Disaster Area, Renounce Religion, Evoke
Invisibility


You were on level 5 of the Vaults.
You worshipped Qazlal.
Qazlal was exalted by your worship.
You were not hungry.

You visited 8 branches of the dungeon, and saw 41 of its levels.
You visited the Abyss 1 time.
You also visited: Trove, Ice Cave and Volcano.

You collected 4280 gold pieces.
You spent 3957 gold pieces at shops.

Inventory:

Hand Weapons
 r - the +5 falchion of Cugg {vorpal, rElec rN+ Str-3 Dex+2 SInv}
   (You found it on level 1 of the Spider Nest)

   It inflicts extra damage upon your enemies.
   It affects your strength (-3).
   It affects your dexterity (+2).
   It insulates you from electricity.
   It protects you from negative energy.
   It lets you see invisible.
 z - the +8 trident of Triumph {flame, +Blink rF+ MR+ Str-4}
   (You took it off a centaur warrior on level 2 of the Vaults)

   It has been specially enchanted to burn those struck by it, causing extra
   injury to most foes and up to half again as much damage against particularly
   susceptible opponents.
   It affects your strength (-4).
   It protects you from fire.
   It affects your resistance to hostile enchantments.
   It lets you blink.
 A - a +4 sacred scourge of holy wrath (weapon)
Missiles
 b - 50 boomerangs (quivered)
Armour
 p - the +13 plate armour "Daitt" (worn) {rPois rF++ Dex+2}
   (You bought it in a shop on level 2 of the Vaults)

   It affects your dexterity (+2).
   It greatly protects you from fire.
   It protects you from poison.
 I - a +2 pair of boots of running (worn)
 K - a +2 hat (worn)
 O - a +2 cloak of magic resistance (worn)
 R - a +6 tower shield of cold resistance (worn)
Jewellery
 f - an uncursed ring of resist corrosion
 v - the ring of Shadows (right hand) {Umbra +Inv Stlth+}
   (You took it off a deep elf sorcerer on level 3 of the Elven Halls)

   [ring of stealth]

   It lets you turn invisible.
   It makes you more stealthy.
 J - an amulet of guardian spirit (around neck)
 T - the ring "Uplip" (left hand) {rPois rC+ MR+}
   (You found it on level 4 of the Lair of Beasts)

   [ring of protection from cold]

   It protects you from cold.
   It protects you from poison.
   It affects your resistance to hostile enchantments.
Wands
 d - a wand of enslavement (5)
 G - a wand of iceblast (18)
 L - a wand of disintegration (16)
 N - a wand of paralysis (13)
 Q - a wand of flame (28)
 U - a wand of clouds (2)
 V - a wand of acid (10)
Scrolls
 a - 5 scrolls of magic mapping
 e - 3 scrolls of fog
 h - 4 scrolls of identify
 j - 7 scrolls of amnesia
 l - 17 scrolls of remove curse
 s - 12 scrolls of teleportation
 y - 2 scrolls of holy word
Potions
 c - a potion of might
 k - 8 potions of curing
 m - 6 potions of flight
 o - 4 potions of brilliance
 t - 7 potions of mutation
 u - 2 potions of resistance
 C - 2 potions of magic
 H - a potion of cancellation
Miscellaneous
 g - a crystal ball of energy
 q - a phial of floods
 B - a sack of spiders
 E - a fan of gales (inert)
 F - a tin of tremorstones
 P - a phantom mirror
 S - a lamp of fire (inert)
Comestibles
 i - 3 rations


   Skills:
 + Level 16.3(15.5) Fighting
 + Level 15.3(14.5) Short Blades
 + Level 15.8(15.0) Long Blades
 + Level 15.3(14.5) Axes
 + Level 15.3(14.5) Maces & Flails
 + Level 15.3(14.5) Polearms
 + Level 15.3(14.5) Staves
 + Level 15.3(14.5) Slings
 + Level 15.3(14.5) Bows
 + Level 15.3(14.5) Crossbows
 + Level 15.3(14.5) Throwing
 + Level 16.3(15.5) Armour
 + Level 15.3(14.5) Dodging
 + Level 15.3(14.5) Stealth
 + Level 16.3(15.5) Shields
 + Level 15.3(14.5) Unarmed Combat
 + Level 15.3(14.5) Spellcasting
 + Level 13.2(12.4) Conjurations
 + Level 13.2(12.4) Hexes
 + Level 13.2(12.4) Charms
 + Level 13.2(12.4) Summonings
 + Level 13.2(12.4) Necromancy
 + Level 13.2(12.4) Translocations
 + Level 13.2(12.4) Transmutations
 + Level 13.2(12.4) Fire Magic
 + Level 13.2(12.4) Ice Magic
 + Level 13.2(12.4) Air Magic
 + Level 13.2(12.4) Earth Magic
 + Level 13.2(12.4) Poison Magic
 + Level 16.5(15.7) Invocations
 + Level 15.3(14.5) Evocations


You had 18 spell levels left.
You knew the following spells:

 Your Spells              Type           Power        Failure   Level  Hunger
a - Olgreb's Toxic Radia  Pois           #####...     13%         4    ###....
b - Mephitic Cloud        Conj/Pois/Air  #####...     4%          3    #......
c - Ring of Flames        Chrm/Fire      #####.....   100%        7    #######
d - Summon Lightning Spi  Summ/Air       #####...     13%         4    ###....
e - Beastly Appendage     Tmut           #####.       1%          1    None
f - Ignite Poison         Fire/Tmut/Pois #####...     4%          3    #......
g - Blink                 Tloc           N/A          2%          2    None
h - Hydra Form            Tmut           #####.....   86%         6    ######.
i - Invisibility          Hex            #####...     86%         6    ######.

Your spell library contained the following spells:

 Spells                   Type           Power        Failure   Level  Hunger
 Animate Skeleton         Necr           N/A          1%          1    None
 Apportation              Tloc           #####.       1%          1    None
 Corona                   Hex            #####..      1%          1    None
 Magic Dart               Conj           ####         1%          1    None
 Pain                     Necr           ####         1%          1    None
 Sandblast                Erth           #####.       1%          1    None
 Sting                    Tmut/Pois      ####         1%          1    None
 Summon Butterflies       Summ           #####...     1%          1    None
 Summon Small Mammal      Summ           ####         1%          1    None
 Call Imp                 Summ           #####...     2%          2    None
 Corpse Rot               Necr/Air       N/A          2%          2    None
 Ensorcelled Hibernation  Hex/Ice        #####.       2%          2    None
 Poisonous Vapours        Pois/Air       #####.       2%          2    None
 Searing Ray              Conj           #####.       2%          2    None
 Slow                     Hex            #####...     2%          2    None
 Sticks to Snakes         Tmut           #####...     2%          2    None
 Sublimation of Blood     Necr           #####.....   2%          2    None
 Swiftness                Chrm/Air       #####...     2%          2    None
 Call Canine Familiar     Summ           #####...     4%          3    #......
 Confusing Touch          Hex            #####...     4%          3    #......
 Conjure Flame            Conj/Fire      #####...     4%          3    #......
 Dazzling Flash           Conj/Hex       #####.       4%          3    #......
 Gell's Gravitas          Tloc           #####.....   4%          3    #......
 Lesser Beckoning         Tloc           #####.....   4%          3    #......
 Portal Projectile        Hex/Tloc       #####.       4%          3    #......
 Recall                   Summ/Tloc      N/A          4%          3    #......
 Spectral Weapon          Hex/Chrm       #####...     4%          3    #......
 Spider Form              Tmut/Pois      #####.....   4%          3    #......
 Stone Arrow              Conj/Erth      #####.       4%          3    #......
 Summon Guardian Golem    Hex/Summ       #####...     4%          3    #......
 Tukima's Dance           Hex            #####...     4%          3    #......
 Vampiric Draining        Necr           #####.....   4%          3    #......
 Animate Dead             Necr           N/A          13%         4    ###....
 Dispel Undead            Necr           #####...     13%         4    ###....
 Fulminant Prism          Conj/Hex       #####.....   13%         4    ###....
 Ice Form                 Ice/Tmut       #####...     13%         4    ###....
 Iskenderun's Mystic Bla  Conj/Tloc      #####...     13%         4    ###....
 Petrify                  Tmut/Erth      #####...     13%         4    ###....
 Summon Ice Beast         Ice/Summ       #####...     13%         4    ###....
 Agony                    Necr           #####...     34%         5    #####..
 Alistair's Intoxication  Tmut/Pois      #####...     34%         5    #####..
 Aura of Abjuration       Summ           #####.....   34%         5    #####..
 Blade Hands              Tmut           #####.....   34%         5    #####..
 Bolt of Magma            Conj/Fire/Erth #####.....   34%         5    #####..
 Excruciating Wounds      Chrm/Necr      #####.....   34%         5    #####..
 Fireball                 Conj/Fire      #####.....   34%         5    #####..
 Irradiate                Conj/Tmut      #####.....   34%         5    #####..
 Summon Demon             Summ           #####.....   34%         5    #####..
 Summon Forest            Summ/Tloc      #####.....   34%         5    #####..
 Summon Mana Viper        Hex/Summ       #####...     34%         5    #####..
 Conjure Ball Lightning   Conj/Air       #####.....   86%         6    ######.
 Dispersal                Tloc           #####.....   86%         6    ######.
 Freezing Cloud           Conj/Ice/Air   #####.....   86%         6    ######.
 Shadow Creatures         Summ           N/A          86%         6    ######.
 Starburst                Conj/Fire      #####.....   86%         6    ######.
 Statue Form              Tmut/Erth      #####....    86%         6    ######.
 Dragon Form              Tmut           #####.....   100%        7    #######
 Orb of Destruction       Conj           #####.....   100%        7    #######
 Controlled Blink         Tloc           N/A          100%        8    #######
 Disjunction              Tloc           #####.....   100%        8    #######
 Ignition                 Fire           #####.....   100%        8    #######


Dungeon Overview and Level Annotations

Branches:
Dungeon (15/15)            Temple (0/1) D:7            Lair (6/6) D:11
 Shoals (0/4) Lair:3       Spider (4/4) Lair:3        Slime (5/5) Lair:6
    Orc (2/2) D:10            Elf (3/3) Orc:2        Vaults (5/5) D:14
  Crypt (0/3) Vaults:3     Depths (1/5) D:15          IceCv (visited)
Volcano (visited)

Altars:
Dithmenos
Gozag
Hepliaklqana
Makhleb
Nemelex Xobeh
Qazlal
Wu Jian
Xom
The Shining One
Beogh
Jiyva

Shops:
D:8 }   D:13 [   Orc:2 }***   Elf:3 (   Vaults:1 *   Vaults:2 [

Annotations:
Lair:1 1 runed translucent door, Facu's ghost, novice TrBe
Slime:5 Royal Jelly
Elf:2 1 runed translucent door
Vaults:5 Sojobo


Innate Abilities, Weirdness & Mutations

Your experience applies equally to all skills.
You have very sharp teeth.
Your uncanny sense of smell can sniff out nearby items.
You are partially covered in thin metallic scales. (AC +2)
You tend to lose your temper in combat.
You are clumsy. (Dex -2)
You are dopey. (Int -2)
You are very frail. (-20% HP)
Your magical capacity is low. (-10% MP)
Your muscles are strong. (Str +2)
Your spells are a little harder to cast, but a little more powerful.
You expend magic power (3 MP) to strengthen your wands.


Message History

The bolt of dispelling energy hits you!
* * * LOW HITPOINT WARNING * * *
The vault warden is engulfed in poison gas.
The vault warden is poisoned.
The freezing wraith is lost in a daze.
You hear a shout!
A deep elf mage comes into view. It is wielding a +0 rapier.
The deep elf mage shouts!
You hear a shout!
A yaktaur captain comes into view.
You whack the deep elf mage!
The deep elf mage is moderately wounded.
A vortex of raging winds appears around the air elemental!
You block the quicksilver dragon's attack. x2
The deep elf mage is engulfed in freezing vapours.
The deep elf mage hits you but does no damage.
You closely miss the deep elf mage. Your bite misses the deep elf mage.
The deep elf mage is heavily wounded.
The quicksilver dragon breathes dispelling energy at you.
The bolt of dispelling energy hits you!!!
You feel more protected from physical attacks.
You die...

##### #....
#.....
#.!..##########
#.....○........
#§○.§☼.....#
#.°D@..E...#
#.C##e##...#∆
#..# ☼.#...#∆
#.Q# ..#...###
#w.# ..#......
#C*#####.....
#*Qp.......####
#.pW..W....#...
#...DQ.....+...


You could see a quicksilver dragon, a stone giant, a deep elf mage and an air
elemental.

Vanquished Creatures
  Mennas (Vaults:4)
  Margery (Vaults:4)
  Saint Roka (Vaults:4)
  2 deep elf blademasters (Elf:2)
  3 deep elf master archers (Elf:3)
  24 acid blobs
  A tentacled starspawn (Abyss:2)
  4 sphinxes
  14 azure jellies
  Roxanne (Elf:2)
  A fire giant (Vaults:4)
  An orc warlord (Orc:2)
  10 vault wardens
  2 frost giants
  The ghost of paps the Basher, a journeyman DsBe of Trog (Spider:2)
  5 deep elf sorcerers (Elf:3)
  4 ghost moths
  6 deep elf elementalists (Elf:3)
  Louise (Spider:2)
  5 emperor scorpions
  14 ironheart preservers
  8 very ugly things
  5 entropy weavers
  6 stone giants
  A vampire knight (Vaults:3)
  8 deep elf demonologists
  10 deep elf annihilators
  A dire elephant (D:15)
  Nessos (Orc:2)
  Azrael (Spider:1)
  A starcursed mass (Abyss:2)
  A spark wasp (Spider:4)
  8 deep elf death magi
  3 ettins
  2 fire dragons
  8 death oozes
  Josephine (Orc:1)
  3 deep elf high priests (Elf:3)
  3 rakshasas
  8 ogre magi
  5 yaktaur captains
  5 great orbs of eyes
  An ice dragon (Vaults:4)
  33 vault guards
  9 hydras
  A death knight (D:11)
  Erica (Lair:1)
  2 catoblepae
  10 centaur warriors
  29 dancing weapons
  26 two-headed ogres
  An alligator (shapeshifter) (Vaults:2)
  6 death yaks (Lair:6)
  2 deep troll shamans (Vaults:2)
  A tengu warrior (D:13)
  4 thrashing horrors (Abyss:2)
  A vampire mage (Vaults:3)
  30 deep elf knights
  7 hell knights
  4 orc high priests (Orc:2)
  A shadow wraith (Vaults:4)
  Sonja (Lair:1)
  4 skeletal warriors
  3 unseen horrors (D:12)
  A glowing orange brain (Vaults:3)
  12 deep trolls
  3 flayed ghosts
  2 wizards
  2 lindwurms (Lair:6)
  21 deep elf archers
  14 ironbrand convokers
  21 orb spiders
  10 harpies
  Pikel (D:7)
  13 orc sorcerers
  A phantasmal warrior (Vaults:3)
  An oklob plant (Lair:6)
  A necromancer (D:11)
  79 deep elf magi
  42 ugly things
  16 orc knights
  An orb spider (shapeshifter) (Vaults:3)
  7 shining eyes
  2 moths of wrath
  6 manticores
  4 cyclopes
  A merfolk siren (Lair:3)
  33 wolf spiders
  An elephant (D:11)
  An eye of devastation (Slime:3)
  An ice statue (IceCv)
  13 vault sentinels
  An apocalypse crab (Abyss:2)
  4 smoke demons (Abyss:2)
  6 black mambas
  A gargoyle (D:10)
  13 spiny frogs
  3 centaur skeletons
  5 torpor snails
  Psyche (D:8)
  11 komodo dragons
  A komodo dragon (shapeshifter) (Vaults:1)
  15 demonic crawlers
  3 freezing wraiths
  5 rime drakes
  30 yaktaurs
  An ice devil (Abyss:2)
  2 ancient zymes (Abyss:2)
  A meliai (shapeshifter) (D:14)
  40 jumping spiders
  A tengu conjurer (D:14)
  9 large abominations (Abyss:2)
  32 polar bears
  9 trolls
  A jumping spider (shapeshifter) (Elf:2)
  A polar bear (shapeshifter) (Vaults:2)
  10 hornets
  120 slime creatures
  A hippogriff (shapeshifter) (Vaults:1)
  7 blink frogs
  5 raiju
  12 hippogriffs
  6 dream sheep (Lair:5)
  2 ynoxinuls (Abyss:2)
  An air elemental (Elf:3)
  7 wraiths
  A fire dragon skeleton (Abyss:2)
  57 redbacks
  25 tarantellas
  A shadow (D:11)
  4 fire elementals
  3 wyverns
  57 yaks
  5 basilisks
  5 water elementals
  10 humans (D:14)
  6 golden eyes (Slime:1)
  A neqoxec (Abyss:2)
  11 wargs
  2 vampire mosquitoes (D:13)
  A chaos spawn (Abyss:2)
  Menkaure (D:5)
  11 water moccasins
  12 hell hounds
  2 soldier ants (shapeshifter)
  A soldier ant (D:15)
  4 porcupines
  A slave (D:7)
  A floating eye (shapeshifter) (D:13)
  An acid dragon (D:13)
  9 black bears (Lair:6)
  59 orc warriors
  3 sky beasts
  A black bear (shapeshifter) (Depths:1)
  4 ice beasts
  7 eyes of draining
  23 centaurs
  A phantom (D:10)
  13 boggarts
  38 wolves
  15 crocodiles
  29 ogres
  A small abomination (Abyss:2)
  19 bullfrogs
  5 big kobolds
  A wyvern zombie (D:10)
  A deep troll simulacrum (Vaults:1)
  2 gnoll sergeants
  2 earth elementals
  2 scorpions
  15 killer bees
  5 wights (D:11)
  5 howler monkeys
  3 electric eels
  3 bullfrog zombies
  7 jellies
  2 quasits
  A yaktaur simulacrum (Vaults:1)
  12 crimson imps
  3 centaur zombies
  23 orc wizards
  5 hounds
  40 orc priests
  Crazy Yiuf (D:3)
  4 bullfrog skeletons
  An iguana (D:4)
  4 yak simulacra (D:11)
  A polar bear simulacrum (D:11)
  15 worker ants
  3 wolf simulacra (D:11)
  A killer bee zombie (D:7)
  A howler monkey zombie (D:8)
  14 gnolls
  A howler monkey skeleton (D:8)
  10 adders
  7 shadow imps
  2 white imps (D:8)
  2 ufetubi (Abyss:2)
  11 oozes
  4 adder skeletons
  2 worms
  A dart slug (D:1)
  3 leopard geckos
  163 orcs
  8 bats
  7 giant cockroaches
  12 hobgoblins
  11 jackals
  3 quokkas
  2 ball pythons
  5 frilled lizards
  A giant cockroach zombie (D:4)
  13 goblins
  30 kobolds
  A leopard gecko zombie (D:6)
  9 rats
  3 river rat simulacra (D:11)
  A butterfly (Lair:3)
  A plant (Lair:6)
1985 creatures vanquished.

Vanquished Creatures (collateral kills)
  2 death oozes (Slime:5)
  A redback (Spider:1)
  A centaur (D:10)
  A killer bee (D:10)
5 creatures vanquished.

Vanquished Creatures (others)
  A vault warden (Vaults:2)
  A yaktaur captain (Vaults:2)
  2 vault guards (Vaults:5)
  A dancing weapon (Elf:3)
  A deep elf knight (Elf:2)
  2 ironbrand convokers (Vaults:1)
  2 deep elf magi
  A vault sentinel (Vaults:2)
  A yaktaur (Vaults:1)
  A jumping spider (Spider:4)
  A dream sheep (shapeshifter) (Vaults:5)
  A tarantella (Spider:1)
  A redback (Spider:4)
  A yaktaur simulacrum (Vaults:1)
  A hell hound (Lair:6)
  2 black bears (Lair:6)
  2 centaurs
  An orc priest (Orc:2)
  An ufetubus (Abyss:2)
  3 goblins (D:7)
  2 fungi
  A lurking horror (Abyss:2)
  21 plants
  2 starspawn tentacles (Abyss:2)
53 creatures vanquished.

Grand Total: 2043 creatures vanquished

Notes
Turn   | Place    | Note
-------+----------+-------------------------------------------
     0 | D:1      | Emblim88 the Gnoll Fighter began the quest for the Orb.
     0 | D:1      | Reached XP level 1. HP: 23/23 MP: 1/1
     2 | D:1      | Noticed a gargoyle
     4 | D:1      | Noticed a felid
     4 | D:1      | Noticed a minotaur
     6 | D:1      | Noticed an octopode
     6 | D:1      | Noticed a ghoul
     9 | D:1      | Noticed a dwarf
     9 | D:1      | Noticed a centaur
    11 | D:1      | Noticed a troll
    11 | D:1      | Noticed a human
    13 | D:1      | Noticed a draconian
    15 | D:1      | Noticed an elf
    15 | D:1      | Noticed a merfolk
    17 | D:1      | Noticed a spriggan
    19 | D:1      | Noticed a halfling
    19 | D:1      | Noticed a demonspawn
    21 | D:1      | Noticed a naga
    21 | D:1      | Noticed a formicid
    23 | D:1      | Noticed a tengu
    25 | D:1      | Noticed a vine stalker
    25 | D:1      | Noticed an ogre
    27 | D:1      | Noticed a vampire
    27 | D:1      | Noticed a demigod
    70 | D:1      | Reached XP level 2. HP: 29/29 MP: 2/2
   283 | D:1      | Reached XP level 3. HP: 32/35 MP: 3/3
   598 | D:1      | Reached skill level 1 in Invocations
   862 | D:2      | Reached skill level 1 in Short Blades
   862 | D:2      | Reached skill level 1 in Axes
   862 | D:2      | Reached skill level 1 in Maces & Flails
   862 | D:2      | Reached skill level 1 in Polearms
   862 | D:2      | Reached skill level 1 in Staves
   862 | D:2      | Reached skill level 1 in Slings
   862 | D:2      | Reached skill level 1 in Bows
   862 | D:2      | Reached skill level 1 in Crossbows
   862 | D:2      | Reached skill level 1 in Throwing
   862 | D:2      | Reached skill level 1 in Dodging
   862 | D:2      | Reached skill level 1 in Stealth
   862 | D:2      | Reached skill level 1 in Unarmed Combat
   862 | D:2      | Reached skill level 1 in Spellcasting
   862 | D:2      | Reached skill level 1 in Evocations
   866 | D:2      | Reached XP level 4. HP: 34/41 MP: 5/5
   970 | D:2      | Found a faded altar of an unknown god.
  1023 | D:2      | Reached skill level 1 in Conjurations
  1023 | D:2      | Reached skill level 1 in Hexes
  1023 | D:2      | Reached skill level 1 in Charms
  1023 | D:2      | Reached skill level 1 in Summonings
  1023 | D:2      | Reached skill level 1 in Necromancy
  1023 | D:2      | Reached skill level 1 in Translocations
  1023 | D:2      | Reached skill level 1 in Transmutations
  1023 | D:2      | Reached skill level 1 in Fire Magic
  1023 | D:2      | Reached skill level 1 in Ice Magic
  1023 | D:2      | Reached skill level 1 in Air Magic
  1023 | D:2      | Reached skill level 1 in Earth Magic
  1023 | D:2      | Reached skill level 1 in Poison Magic
  1487 | D:3      | Found a stormy altar of Qazlal.
  1562 | D:3      | Became a worshipper of Qazlal Stormbringer
  1717 | D:3      | Found a runed translucent door.
  1718 | D:3      | Noticed Crazy Yiuf
  2037 | D:3      | Reached XP level 5. HP: 47/47 MP: 6/6
  2206 | D:3      | Killed Crazy Yiuf
  2298 | D:4      | Reached XP level 6. HP: 48/53 MP: 8/8
  2377 | D:4      | Reached skill level 5 in Long Blades
  2701 | D:5      | Entered Level 5 of the Dungeon
  2727 | D:5      | Found an opulent altar of Gozag.
  2727 | D:5      | Found a sparkling altar of Nemelex Xobeh.
  2727 | D:5      | Noticed Menkaure
  2732 | D:5      | Killed Menkaure
  2732 | D:5      | Reached XP level 7. HP: 29/60 MP: 10/10
  2797 | D:5      | Reached * piety under Qazlal
  3213 | D:5      | You fall into a shaft and drop 3 floors!
  3213 | D:8      | Noticed a two-headed ogre
  3228 | D:8      | Killed a two-headed ogre
  3228 | D:8      | Reached XP level 8. HP: 24/67 MP: 10/13
  3302 | D:8      | Reached XP level 9. HP: 23/72 MP: 14/14
  3332 | D:8      | Noticed Psyche
  3353 | D:8      | Killed Psyche
  3983 | D:7      | Found a staircase to the Ecumenical Temple.
  3994 | D:7      | Reached ** piety under Qazlal
  4168 | D:7      | Noticed a hornet
  4177 | D:7      | Killed a hornet
  4512 | D:7      | Noticed Pikel
  4522 | D:7      | Killed Pikel
  4522 | D:7      | Reached skill level 5 in Invocations
  4554 | D:7      | Reached XP level 10. HP: 80/80 MP: 17/17
  5315 | D:6      | Found a glowing golden altar of the Shining One.
  5315 | D:6      | Found a hazy altar of Hepliaklqana.
  5389 | D:6      | Found a burning altar of Makhleb.
  5697 | D:8      | Reached skill level 5 in Short Blades
  5697 | D:8      | Reached skill level 5 in Axes
  5697 | D:8      | Reached skill level 5 in Maces & Flails
  5697 | D:8      | Reached skill level 5 in Polearms
  5697 | D:8      | Reached skill level 5 in Staves
  5697 | D:8      | Reached skill level 5 in Slings
  5697 | D:8      | Reached skill level 5 in Bows
  5697 | D:8      | Reached skill level 5 in Crossbows
  5697 | D:8      | Reached skill level 5 in Throwing
  5697 | D:8      | Reached skill level 5 in Dodging
  5697 | D:8      | Reached skill level 5 in Stealth
  5697 | D:8      | Reached skill level 5 in Unarmed Combat
  5697 | D:8      | Reached skill level 5 in Spellcasting
  5697 | D:8      | Reached skill level 5 in Evocations
  5701 | D:8      | Reached *** piety under Qazlal
  5792 | D:8      | Found a shadowy altar of Dithmenos.
  6025 | D:8      | Found Xaleareh's Gadget Emporium.
  6033 | D:8      | Bought a tin of tremorstones for 195 gold pieces
  6516 | D:9      | Noticed a manticore
  6527 | D:9      | Killed a manticore
  6668 | D:9      | Reached **** piety under Qazlal
  7300 | D:9      | Reached XP level 11. HP: 86/87 MP: 19/19
  7366 | D:9      | Found an ornate altar of the Wu Jian Council.
  7573 | D:9      | Noticed a two-headed ogre
  7588 | D:9      | Killed a two-headed ogre
  7856 | D:10     | Entered Level 10 of the Dungeon
  8075 | D:10     | Reached skill level 5 in Conjurations
  8075 | D:10     | Reached skill level 5 in Hexes
  8075 | D:10     | Reached skill level 5 in Charms
  8075 | D:10     | Reached skill level 5 in Summonings
  8075 | D:10     | Reached skill level 5 in Necromancy
  8075 | D:10     | Reached skill level 5 in Translocations
  8075 | D:10     | Reached skill level 5 in Transmutations
  8075 | D:10     | Reached skill level 5 in Fire Magic
  8075 | D:10     | Reached skill level 5 in Ice Magic
  8075 | D:10     | Reached skill level 5 in Air Magic
  8075 | D:10     | Reached skill level 5 in Earth Magic
  8075 | D:10     | Reached skill level 5 in Poison Magic
  8293 | D:10     | Found a staircase to the Orcish Mines.
  8416 | D:10     | Reached ***** piety under Qazlal
  8455 | D:10     | Gained mutation: Your muscles are strong. (Str +2) [potion
                  | of mutation]
  8455 | D:10     | Gained mutation: You are agile. (Dex +2) [potion of
                  | mutation]
  8455 | D:10     | Gained mutation: You are partially covered in thin metallic
                  | scales. (AC +2) [potion of mutation]
  8784 | D:10     | Found an ornate altar of the Wu Jian Council.
  9309 | D:11     | Noticed a purple ugly thing
  9324 | D:11     | Killed a purple ugly thing
  9324 | D:11     | Reached XP level 12. HP: 67/96 MP: 22/22
  9394 | D:11     | Found a staircase to the Lair.
  9682 | D:11     | Noticed a catoblepas
  9710 | D:11     | Killed a catoblepas
  9821 | D:11     | Noticed a death knight
  9833 | D:11     | Killed a death knight
 10091 | D:11     | Noticed a seven-headed hydra
 10105 | D:11     | Killed a seven-headed hydra
 11013 | D:12     | Noticed a two-headed ogre
 11027 | D:12     | Killed a two-headed ogre
 11183 | D:12     | Reached skill level 10 in Fighting
 11183 | D:12     | Reached skill level 10 in Armour
 11183 | D:12     | Reached skill level 10 in Shields
 11835 | D:12     | Got a polished flail
 12125 | D:12     | Identified the +8 flail of the Pit {drain, Str+2} (You
                  | found it on level 12 of the Dungeon)
 12153 | D:13     | Noticed a centaur warrior
 12164 | D:13     | Killed a centaur warrior
 12165 | D:13     | Reached XP level 13. HP: 61/103 MP: 24/24
 13007 | D:13     | Paralysed by a floating eye for 2 turns
 13176 | D:13     | Found Ewoituet's Antique Armour Shoppe.
 13217 | D:13     | Bought a runed cloak for 300 gold pieces
 13227 | D:13     | Bought a glowing cloak for 300 gold pieces
 13227 | D:13     | Bought a runed helmet for 300 gold pieces
 13750 | D:14     | Reached ****** piety under Qazlal
 13988 | D:14     | Noticed a vault guard
 13998 | D:14     | Noticed a vault guard
 14008 | D:14     | Killed a vault guard
 14012 | D:14     | Killed a vault guard
 14051 | D:14     | Found a gate to the Vaults.
 14114 | D:14     | Found a frozen archway.
 14118 | IceCv    | Entered an ice cave
 14119 | IceCv    | Reached skill level 10 in Long Blades
 14119 | IceCv    | Reached XP level 14. HP: 111/111 MP: 26/26
 14394 | IceCv    | Noticed a frost giant
 14414 | IceCv    | Killed a frost giant
 14414 | IceCv    | Reached XP level 15. HP: 40/118 MP: 28/28
 15274 | IceCv    | Got an ancient great mace
 15304 | IceCv    | Reached skill level 10 in Invocations
 15312 | IceCv    | Identified the +4 great mace of Impatience {speed, rPois
                  | rF++} (You found it in an ice cave)
 16350 | Lair:1   | Entered Level 1 of the Lair of Beasts
 16378 | Lair:1   | Noticed Erica
 16394 | Lair:1   | Killed Erica
 16411 | Lair:1   | Noticed Sonja
 16435 | Lair:1   | Killed Sonja
 16908 | Lair:1   | Found a runed translucent door.
 16908 | Lair:1   | Found a shimmering altar of Xom.
 16910 | Lair:1   | Noticed Facu's ghost (novice TrBe)
 17895 | Lair:3   | Found a staircase to the Shoals.
 18023 | Lair:3   | Found a hole to the Spider Nest.
 18715 | Lair:4   | Found the ring of the Octopus King
 18723 | Lair:4   | Got a ring of the Octopus King
 18725 | Lair:4   | Identified a ring of the Octopus King {AC+1 EV+1 Str+1
                  | Int+1 Dex+1 SInv} (You found it on level 4 of the Lair of
                  | Beasts)
 18816 | Lair:4   | Got a steaming bronze ring
 18818 | Lair:4   | Identified the ring "Uplip" {rPois rC+ MR+} (You found it
                  | on level 4 of the Lair of Beasts)
 20183 | Lair:5   | Got a shimmering chain mail
 20194 | Lair:5   | Identified the +2 chain mail of Ashenzari's Favour {-Tele
                  | rPois rF+++ Regen+} (You found it on level 5 of the Lair of
                  | Beasts)
 20218 | Lair:6   | Entered Level 6 of the Lair of Beasts
 20256 | Lair:6   | Reached XP level 16. HP: 101/127 MP: 29/29
 20257 | Lair:6   | Reached skill level 10 in Short Blades
 20257 | Lair:6   | Reached skill level 10 in Axes
 20257 | Lair:6   | Reached skill level 10 in Maces & Flails
 20257 | Lair:6   | Reached skill level 10 in Polearms
 20257 | Lair:6   | Reached skill level 10 in Staves
 20257 | Lair:6   | Reached skill level 10 in Slings
 20257 | Lair:6   | Reached skill level 10 in Bows
 20257 | Lair:6   | Reached skill level 10 in Crossbows
 20257 | Lair:6   | Reached skill level 10 in Throwing
 20257 | Lair:6   | Reached skill level 10 in Dodging
 20257 | Lair:6   | Reached skill level 10 in Stealth
 20257 | Lair:6   | Reached skill level 10 in Unarmed Combat
 20257 | Lair:6   | Reached skill level 10 in Spellcasting
 20257 | Lair:6   | Reached skill level 10 in Evocations
 20313 | Lair:6   | Found a dark tunnel.
 20319 | Volcano  | Entered a volcano
 20442 | Volcano  | Found a burning altar of Makhleb.
 20852 | Lair:6   | Noticed an azure jelly
 20863 | Lair:6   | Killed an azure jelly
 20925 | Lair:6   | Found a runed translucent door.
 20925 | Lair:6   | Found a viscous altar of Jiyva.
 20925 | Lair:6   | Noticed an acid blob
 20926 | Lair:6   | Noticed an acid blob
 20926 | Lair:6   | Noticed an acid blob
 20929 | Lair:6   | Found a staircase to the Slime Pits.
 22135 | Orc:1    | Entered Level 1 of the Orcish Mines
 22283 | Orc:2    | Entered Level 2 of the Orcish Mines
 22303 | Orc:2    | Noticed Nessos
 22314 | Orc:2    | Killed Nessos
 22718 | Orc:2    | Found Dueq's Gadget Emporium.
 22723 | Orc:2    | Bought a wand of clouds (6) for 420 gold pieces
 22733 | Orc:2    | Found a roughly hewn altar of Beogh.
 22736 | Orc:2    | Reached XP level 17. HP: 134/134 MP: 31/31
 22859 | Orc:2    | Found Acire's Assorted Antiques.
 23287 | Orc:2    | Found Giokkek's General Store.
 23306 | Orc:2    | Found a roughly hewn altar of Beogh.
 23363 | Orc:2    | Found Liqeoguh's Assorted Antiques.
 23388 | Orc:2    | Bought a coiled sapphire amulet for 200 gold pieces
 23388 | Orc:2    | Identified the amulet "Niatif" {Acrobat Str+6 Int+2} (You
                  | bought it in a shop on level 2 of the Orcish Mines)
 23641 | Orc:2    | Learned a level 4 spell: Olgreb's Toxic Radiance
 23645 | Orc:2    | Learned a level 3 spell: Mephitic Cloud
 23653 | Orc:2    | Learned a level 7 spell: Ring of Flames
 23658 | Orc:2    | Learned a level 4 spell: Summon Lightning Spire
 23660 | Orc:2    | Learned a level 1 spell: Beastly Appendage
 23732 | Orc:2    | Found a staircase to the Elven Halls.
 24143 | Orc:1    | Noticed Josephine
 24158 | Orc:1    | Killed Josephine
 24459 | D:15     | Entered Level 15 of the Dungeon
 25267 | D:15     | Found a staircase to the Depths.
 25772 | Spider:1 | Entered Level 1 of the Spider Nest
 25783 | Spider:1 | Noticed Azrael
 25817 | Spider:1 | Killed Azrael
 26370 | Spider:1 | Got a pitted chain mail
 26482 | Spider:1 | Identified the +2 chain mail of the Blacksmith {rC- MR+
                  | Str+3} (You found it on level 1 of the Spider Nest)
 26661 | Spider:1 | Got an iridescent falchion
 26663 | Spider:1 | Identified the +5 falchion of Cugg {vorpal, rElec rN+ Str-3
                  | Dex+2 SInv} (You found it on level 1 of the Spider Nest)
 27020 | Spider:2 | Noticed Louise
 27038 | Spider:2 | Killed Louise
 27315 | Spider:2 | Reached XP level 18. HP: 104/142 MP: 26/33
 27814 | Spider:2 | Found a runed translucent door.
 27815 | Spider:2 | Noticed paps's ghost (journeyman DsBe)
 27841 | Spider:2 | Killed paps's ghost
 28793 | Spider:3 | Learned a level 3 spell: Ignite Poison
 28803 | Spider:3 | Got a translucent hand axe
 28804 | Spider:3 | Identified the cursed +1 hand axe "Uggoul" {vorpal,
                  | *Corrode rC+ Int+7 Dex-3} (You found it on level 3 of the
                  | Spider Nest)
 28811 | Spider:3 | Reached skill level 10 in Conjurations
 28811 | Spider:3 | Reached skill level 10 in Hexes
 28811 | Spider:3 | Reached skill level 10 in Charms
 28811 | Spider:3 | Reached skill level 10 in Summonings
 28811 | Spider:3 | Reached skill level 10 in Necromancy
 28811 | Spider:3 | Reached skill level 10 in Translocations
 28811 | Spider:3 | Reached skill level 10 in Transmutations
 28811 | Spider:3 | Reached skill level 10 in Fire Magic
 28811 | Spider:3 | Reached skill level 10 in Ice Magic
 28811 | Spider:3 | Reached skill level 10 in Air Magic
 28811 | Spider:3 | Reached skill level 10 in Earth Magic
 28811 | Spider:3 | Reached skill level 10 in Poison Magic
 29446 | Spider:4 | Entered Level 4 of the Spider Nest
 30987 | Spider:4 | Got a gossamer rune of Zot
 31247 | Elf:1    | Entered Level 1 of the Elven Halls
 31688 | Elf:1    | Reached XP level 19. HP: 150/150 MP: 32/35
 32465 | Elf:1    | You fall into a shaft and drop 1 floor!
 32489 | Elf:2    | Identified Roxanne's Grimoire of Earth
 32489 | Elf:2    | Noticed Roxanne
 33500 | Elf:2    | Got a transparent scale mail
 33501 | Elf:2    | Identified the +3 scale mail of the End {*Drain rPois rF+++
                  | SInv} (You found it on level 2 of the Elven Halls)
 33881 | Elf:2    | Learned a level 2 spell: Blink
 33903 | Elf:2    | Got an amethyst-encrusted ring mail
 33947 | Elf:2    | Killed Roxanne
 33957 | Elf:2    | Got a glittering jade ring
 33977 | Elf:2    | Identified the cursed +1 ring mail of Lilacs {rCorr} (You
                  | found it on level 2 of the Elven Halls)
 33979 | Elf:2    | Identified the ring "Itraamop" {*Corrode rF+ rN+ MR+} (You
                  | found it on level 2 of the Elven Halls)
 34094 | Elf:2    | Found a runed translucent door.
 34121 | Elf:2    | Found a runed translucent door.
 35384 | Elf:3    | Entered Level 3 of the Elven Halls
 35725 | Elf:3    | Reached XP level 20. HP: 144/159 MP: 26/36
 36953 | Elf:3    | Identified the +11 dagger of Crystal {vorpal, rC++ rN+++
                  | MR-}
 36961 | Elf:3    | Noticed a Tzitzimitl
 36964 | Elf:3    | Noticed a Tzitzimitl
 37002 | Elf:3    | Identified the cursed +1 broad axe of the Final Chapter
                  | {protect, +Fly}
 37035 | Elf:3    | Reached XP level 21. HP: 160/166 MP: 38/38
 37214 | Elf:3    | Learned a level 6 spell: Hydra Form
 37221 | Elf:3    | Learned a level 6 spell: Invisibility
 37245 | Elf:3    | Identified a +0 pair of boots of running (You found it on
                  | level 3 of the Elven Halls)
 37362 | Elf:3    | Found Xizyledo's Antique Weapon Shoppe.
 37399 | Elf:3    | Bought a pitted rapier for 351 gold pieces
 37399 | Elf:3    | Bought a smoking rapier for 351 gold pieces
 37399 | Elf:3    | Bought a faintly glowing great sword for 448 gold pieces
 37399 | Elf:3    | Identified the +11 rapier of Melee {vorpal, Dex+4} (You
                  | bought it in a shop on level 3 of the Elven Halls)
 37400 | Elf:3    | Identified the +1 rapier "Nublijeu" {pain, rPois} (You
                  | bought it in a shop on level 3 of the Elven Halls)
 37401 | Elf:3    | Identified the +10 great sword "Hujiorev" {flame, rF- rC+
                  | Str+4} (You bought it in a shop on level 3 of the Elven
                  | Halls)
 38162 | Slime:1  | Entered Level 1 of the Pits of Slime
 38592 | Slime:2  | Lost mutation: You are agile. (Dex +2) [a shining eye]
 39116 | Slime:3  | Lost mutation: Your muscles are strong. (Str +2) [a shining
                  | eye]
 39117 | Slime:3  | Gained mutation: Your spells are a little easier to cast,
                  | but a little less powerful. [a shining eye]
 39119 | Slime:3  | Gained mutation: You are clumsy. (Dex -2) [a shining eye]
 39125 | Slime:3  | Gained mutation: Your magical capacity is low. (-10% MP) [a
                  | shining eye]
 39129 | Slime:3  | Gained mutation: Your magical capacity is very low. (-20%
                  | MP) [a shining eye]
 39460 | Slime:4  | Gained mutation: Your body sometimes deteriorates upon
                  | taking damage. [a shining eye]
 39463 | Slime:4  | Gained mutation: You are dopey. (Int -2) [a shining eye]
 39526 | Slime:4  | Reached XP level 22. HP: 110/173 MP: 9/31
 40104 | Slime:5  | Entered Level 5 of the Pits of Slime
 40662 | Slime:5  | Noticed the Royal Jelly
 40769 | Slime:4  | Gained mutation: Your body often deteriorates upon taking
                  | damage. [mutagenic glow]
 40947 | Slime:4  | Lost mutation: Your body often deteriorates upon taking
                  | damage. [potion of mutation]
 40947 | Slime:4  | Lost mutation: Your spells are a little easier to cast, but
                  | a little less powerful. [potion of mutation]
 40947 | Slime:4  | Lost mutation: Your body sometimes deteriorates upon taking
                  | damage. [potion of mutation]
 40947 | Slime:4  | Lost mutation: Your magical capacity is very low. (-20% MP)
                  | [potion of mutation]
 40947 | Slime:4  | Gained mutation: You have a pair of small horns on your
                  | head. [potion of mutation]
 40947 | Slime:4  | Gained mutation: Your flesh is cold resistant. (rC+)
                  | [potion of mutation]
 41313 | Slime:5  | Gained mutation: You tend to lose your temper in combat. [a
                  | shining eye]
 41318 | Slime:5  | Gained mutation: You are frail. (-10% HP) [a shining eye]
 41319 | Slime:5  | Reached skill level 15 in Fighting
 41319 | Slime:5  | Reached skill level 15 in Armour
 41319 | Slime:5  | Reached skill level 15 in Shields
 43243 | Depths:1 | Entered Level 1 of the Depths
 44298 | Vaults:1 | Entered Level 1 of the Vaults
 44626 | Vaults:1 | Reached skill level 15 in Invocations
 45153 | Vaults:1 | Found Ularur's General Store.
 45856 | Vaults:2 | Found Mean's Antique Armour Shop.
 45914 | Vaults:2 | Bought a blackened plate armour for 1092 gold pieces
 45914 | Vaults:2 | Identified the +13 plate armour "Daitt" {rPois rF++ Dex+2}
                  | (You bought it in a shop on level 2 of the Vaults)
 46154 | Vaults:2 | Identified the +8 trident of Triumph {flame, +Blink rF+ MR+
                  | Str-4}
 46166 | Vaults:2 | Reached XP level 23. HP: 161/161 MP: 37/37
 47489 | Vaults:3 | Reached skill level 15 in Long Blades
 47535 | Vaults:3 | Cast into level 2 of the Abyss (a deep elf demonologist)
 47911 | Vaults:3 | Escaped the Abyss
 49579 | Vaults:3 | Lost mutation: Your flesh is cold resistant. (rC+) [potion
                  | of mutation]
 49579 | Vaults:3 | Lost mutation: You have a pair of small horns on your head.
                  | [potion of mutation]
 49579 | Vaults:3 | Gained mutation: Your muscles are strong. (Str +2) [potion
                  | of mutation]
 49579 | Vaults:3 | Gained mutation: You expend magic power (3 MP) to
                  | strengthen your wands. [potion of mutation]
 49579 | Vaults:3 | Gained mutation: Your spells are a little harder to cast,
                  | but a little more powerful. [potion of mutation]
 49664 | Vaults:3 | Found a staircase to the Crypt.
 49970 | Vaults:3 | Reached XP level 24. HP: 147/171 MP: 34/37
 50264 | Vaults:4 | Noticed Saint Roka
 50293 | Vaults:4 | Killed Saint Roka
 50315 | Vaults:4 | Noticed Margery
 50335 | Vaults:4 | Killed Margery
 50428 | Vaults:4 | Gained mutation: You are very frail. (-20% HP) [mutagenic
                  | glow]
 50740 | Vaults:4 | Reached skill level 15 in Short Blades
 50740 | Vaults:4 | Reached skill level 15 in Axes
 50740 | Vaults:4 | Reached skill level 15 in Maces & Flails
 50740 | Vaults:4 | Reached skill level 15 in Polearms
 50740 | Vaults:4 | Reached skill level 15 in Staves
 50740 | Vaults:4 | Reached skill level 15 in Slings
 50740 | Vaults:4 | Reached skill level 15 in Bows
 50740 | Vaults:4 | Reached skill level 15 in Crossbows
 50740 | Vaults:4 | Reached skill level 15 in Throwing
 50740 | Vaults:4 | Reached skill level 15 in Dodging
 50740 | Vaults:4 | Reached skill level 15 in Stealth
 50740 | Vaults:4 | Reached skill level 15 in Unarmed Combat
 50740 | Vaults:4 | Reached skill level 15 in Spellcasting
 50740 | Vaults:4 | Reached skill level 15 in Evocations
 51524 | Vaults:4 | Noticed Mennas
 51687 | Vaults:4 | Killed Mennas
 52149 | Vaults:4 | Found a portal to a secret trove of treasure.
 52330 | Vaults:4 | You paid a toll of +3 storm dragon scales to enter a
                  | treasure trove
 52331 | Trove    | Entered a treasure trove
 52393 | Trove    | Got a faintly glowing tin ring
 52410 | Trove    | Identified Eczeh's Papyrus of Captivating Confrontation
 52415 | Trove    | Identified the Reference Book on Feathers
 52432 | Trove    | Identified the ring "Intooto" {+Fly rC+ Int+4} (You found
                  | it in a treasure trove)
 52436 | Trove    | Reached XP level 25. HP: 157/157 MP: 37/38
 53546 | Vaults:5 | Entered Level 5 of the Vaults
 53558 | Vaults:5 | Noticed Sojobo
 53647 | Vaults:5 | Killed from afar by a quicksilver dragon

Levels and vault maps discovered:
D:1:      kb_arrival_jail, layout_basic, minmay_misc_feat_roman,
          serial_bayou_lake_a
D:2:      layout_rooms, chequers_ecumenical_altar_simple_redux,
          kennysheep_decorative_pillar
D:3:      layout_basic, grunt_qazlal_clouds, mrwooster_statue_mirror,
          uniq_crazy_yiuf_cottage
D:4:      layout_cave_pools
D:5:      layout_loops_ring, grunt_temple_overflow_opulence, first_ration,
          minmay_holes, uniq_menkaure
D:6:      layout_cave_pools, lightli_temple_of_fire,
          chequers_temple_overflow_statue_of_worship
D:7:      layout_basic, minmay_temple_entry_waves, enter_bailey_3, uniq_pikel
D:8:      kennysheep_ambush_hall, layout_rooms, nicolae_overflow_crystal_walls,
          serial_curves, eino_curves_01, eino_curves_01, serial_shops,
          nicolae_shop_statue_plus, grunt_ogre_cave, minmay_nine_imps,
          uniq_psyche
D:9:      layout_irregular_city, kennysheep_little_box
D:10:     layout_irregular_city, hiddenorc2_lemuel, basic_altar
D:11:     nzn_motion_control, layout_irregular_city, david_lair_generic,
          eino_house_with_fridge
D:12:     layout_cave_pods, hangedman_decor_points
D:13:     layout_basic, serial_shops, shop
D:14:     layout_loops_ring, ximxim_vaults_locker_room,
          portal_ice_cave_entry_pillars_1, amethyst_killhole
D:15:     hangedman_depths_entry_try_elsewhere_first, layout_loops_ring,
          chequers_big_river, hangedman_abyss_or_decor_jellyfish_corner
Lair:1:   layout_layer_cave, ebering_ghost_xom, uniq_sonja, uniq_erica
Lair:2:   layout_misc_corridors
Lair:3:   layout_regular_city, minmay_shoals_entry_lonely_mermaid,
          spider_nest_entry_a, grunt_megastairs_2, lemuel_fruit_fields,
          serial_bayou_shore_a, infiniplex_staircase_pool
Lair:4:   wander_river, layout_regular_city, beast_lair_carwin_7,
          grunt_megastairs_5
Lair:5:   layout_loops_ring, st_stairs_13, cheibrodos_lair_lostbears,
          serial_bayou_shore_b
Lair:6:   hangedman_lair_caniforms_friends, layout_cave_shapes,
          hangedman_lair_in_review, slime_altar_2,
          nicolae_volcano_entry_hallway, special_room [special_room_jelly],
          small_statue_intersection
Spider:1: layout_spider_delve, uniq_azrael
Spider:2: layout_spider_delve, gammafunk_ghost_grave, uniq_louise
Spider:3: layout_spider_delve
Spider:4: spider_rune_water
Slime:1:  layout_caves
Slime:2:  layout_caves
Slime:3:  layout_caves
Slime:4:  layout_caves
Slime:5
Orc:1:    layout_caves, uniq_josephine
Orc:2:    pubby_orc_utopia, serial_shops, uniq_nessos
Elf:1:    layout_loops_cross, minmay_elf_crystal_hexagon, billiards_dpeg
Elf:2:    layout_loops_cross, uniq_roxanne
Elf:3:    minmay_elf_hall_furrowed, layout_geoelf_grid,
          ebering_ghost_disaster_area, serial_shops, shop_statue
Vaults:1: nicolae_vaults_big_ls, hangedman_vaults_nodes,
          vaults_dpeg_encased_lava, v_misc_16, nicolae_vaults_disjoint_gnomons,
          v_misc_2, vaults_dpeg_spiral, v_misc_31,
          nicolae_vaults_little_squares_4, vaults_room_pools,
          layout_vaults_ring, serial_shops, shop
Vaults:2: st_hourglassy, vaults_room_large_hall, hangedman_vaults_maws,
          ontoclasm_vaults_fault, grunt_vaults_focal, v_pattern_2,
          hangedman_vaults_trim, v_misc_1, vaults_dpeg_cross, v_misc_14,
          v_misc_24, vaults_room_ringed_pool, dpeg_vaults_monster_box,
          nicolae_vaults_alarming, grunt_vaults_bifocal,
          nicolae_vaults_little_squares_2, ontoclasm_vaults_hangar,
          layout_vaults_maze, serial_shops, nicolae_shop_stone
Vaults:3: v_alt_pattern_6, minmay_crypt_entry_simple_statues, v_misc_3,
          grunt_vaults_funnel, v_alt_pattern_2, v_misc_30, v_misc_10,
          nicolae_vaults_little_squares_6, vaults_room_pool, vaults_room_pool,
          layout_vaults_quadrants
Vaults:4: vaults_room_fancy_cross, hangedman_vaults_stream, v_misc_8,
          vaults_room_door_ring, v_misc_25, nicolae_vaults_murderbox, v_misc_4,
          grunt_vaults_trifunnel, v_misc_3, layout_vaults_chaotic_city,
          nicolae_trove_entry_free_sample, uniq_margery, uniq_mennas,
          uniq_saint_roka
Vaults:5: uniq_sojobo
Depths:1: layout_forbidden_donut, serial_shops, nicolae_shop_overgrown_old_shop,
          grunt_hell_horde, doesnt_xom_only_xom, minmay_shop_grove,
          kennysheep_random_hallway

Skill      XL: |  1  2  3  4  5  6  7  8  9 10 11 12 13 14 15 16 17 18 19 20 21 22 23 24 |
---------------+-------------------------------------------------------------------------+-----
Invocations    | 1 2 3 4 5 6 7 8 9 10 11 12 13 14 15 16 | 16.5
Short Blades   | 1 2 3 4 5 6 7 8 9 10 11 12 13 14 15 | 15.3
Axes           | 1 2 3 4 5 6 7 8 9 10 11 12 13 14 15 | 15.3
Maces & Flails | 1 2 3 4 5 6 7 8 9 10 11 12 13 14 15 | 15.3
Polearms       | 1 2 3 4 5 6 7 8 9 10 11 12 13 14 15 | 15.3
Staves         | 1 2 3 4 5 6 7 8 9 10 11 12 13 14 15 | 15.3
Slings         | 1 2 3 4 5 6 7 8 9 10 11 12 13 14 15 | 15.3
Bows           | 1 2 3 4 5 6 7 8 9 10 11 12 13 14 15 | 15.3
Crossbows      | 1 2 3 4 5 6 7 8 9 10 11 12 13 14 15 | 15.3
Throwing       | 1 2 3 4 5 6 7 8 9 10 11 12 13 14 15 | 15.3
Dodging        | 1 2 3 4 5 6 7 8 9 10 11 12 13 14 15 | 15.3
Stealth        | 1 2 3 4 5 6 7 8 9 10 11 12 13 14 15 | 15.3
Unarmed Combat | 1 2 3 4 5 6 7 8 9 10 11 12 13 14 15 | 15.3
Spellcasting   | 1 2 3 4 5 6 7 8 9 10 11 12 13 14 15 | 15.3
Evocations     | 1 2 3 4 5 6 7 8 9 10 11 12 13 14 15 | 15.3
Conjurations   | 1 2 3 4 5 6 7 8 9 10 11 12 13 | 13.2
Hexes          | 1 2 3 4 5 6 7 8 9 10 11 12 13 | 13.2
Charms         | 1 2 3 4 5 6 7 8 9 10 11 12 13 | 13.2
Summonings     | 1 2 3 4 5 6 7 8 9 10 11 12 13 | 13.2
Necromancy     | 1 2 3 4 5 6 7 8 9 10 11 12 13 | 13.2
Translocations | 1 2 3 4 5 6 7 8 9 10 11 12 13 | 13.2
Transmutations | 1 2 3 4 5 6 7 8 9 10 11 12 13 | 13.2
Fire Magic     | 1 2 3 4 5 6 7 8 9 10 11 12 13 | 13.2
Ice Magic      | 1 2 3 4 5 6 7 8 9 10 11 12 13 | 13.2
Air Magic      | 1 2 3 4 5 6 7 8 9 10 11 12 13 | 13.2
Earth Magic    | 1 2 3 4 5 6 7 8 9 10 11 12 13 | 13.2
Poison Magic   | 1 2 3 4 5 6 7 8 9 10 11 12 13 | 13.2
Long Blades    | 5 6 7 8 9 10 11 12 13 14 15 | 15.8
Fighting       | 7 8 9 10 11 12 13 14 15 16 | 16.3
Armour         | 7 8 9 10 11 12 13 14 15 16 | 16.3
Shields        | 7 8 9 10 11 12 13 14 15 16 | 16.3

Action                   |  1- 3 |  4- 6 |  7- 9 | 10-12 | 13-15 | 16-18 | 19-21 | 22-24 | 25-27 || total
-------------------------+-------+-------+-------+-------+-------+-------+-------+-------+-------++-------
Melee: Long sword        |   100 |   133 |    48 |       |       |       |       |       |       ||   281
       Bite              |    13 |    21 |    27 |   130 |   147 |   307 |   201 |   404 |    13 ||  1263
       Flail             |       |       |   193 |    71 |   807 |  1353 |   972 |  1893 |       ||  5289
       Spear             |       |       |       |   829 |       |       |       |       |       ||   829
       Broad axe         |       |       |       |    20 |       |       |       |       |       ||    20
       Demon blade       |       |       |       |       |       |     8 |       |       |       ||     8
       Falchion          |       |       |       |       |       |   133 |       |       |       ||   133
       Kick              |       |       |       |       |       |    22 |       |       |       ||    22
       Headbutt          |       |       |       |       |       |       |       |   418 |       ||   418
       Sacred scourge    |       |       |       |       |       |       |       |    38 |    73 ||   111
Throw: Boomerang         |       |       |       |    13 |    85 |   156 |    87 |   141 |       ||   482
       Throwing net      |       |       |       |       |     4 |     2 |       |       |       ||     6
 Cast: Mephitic Cloud    |       |       |       |       |       |    19 |     2 |     3 |       ||    24
       Beastly Appendage |       |       |       |       |       |     3 |       |       |       ||     3
       Olgreb's Toxic Ra |       |       |       |       |       |     1 |    25 |     4 |       ||    30
       Summon Lightning  |       |       |       |       |       |       |     2 |       |       ||     2
       Ignite Poison     |       |       |       |       |       |       |     4 |     1 |       ||     5
Invok: Disaster Area     |       |       |       |     1 |       |     1 |     1 |     7 |     1 ||    11
       Elemental Force   |       |       |       |     1 |       |       |       |       |       ||     1
       Upheaval          |       |       |       |       |       |       |       |     2 |     1 ||     3
 Abil: Evoke Invisibilit |       |       |       |       |       |       |     9 |    22 |     1 ||    32
Evoke: Wand              |       |       |     2 |    10 |     2 |     4 |     2 |     2 |     3 ||    25
       Tin of tremorston |       |       |       |       |     2 |       |       |     1 |       ||     3
       Phial of floods   |       |       |       |       |       |       |       |     1 |       ||     1
       Sack of spiders   |       |       |       |       |       |       |       |     1 |       ||     1
       Fan of gales      |       |       |       |       |       |       |       |       |     1 ||     1
       Lamp of fire      |       |       |       |       |       |       |       |       |     1 ||     1
  Use: Scroll            |       |     1 |       |    12 |    10 |    12 |    14 |    15 |    15 ||    79
       Potion            |       |     1 |     4 |     7 |     6 |    10 |     3 |    18 |     4 ||    53
 Stab: Confused          |       |       |     2 |       |       |    12 |       |       |       ||    14
       Paralysed         |       |       |       |     5 |       |     2 |     1 |       |       ||     8
       Distracted        |       |       |       |     1 |       |       |       |       |       ||     1
       Invisible         |       |       |       |       |       |       |    44 |    80 |       ||   124
       Petrified         |       |       |       |       |       |       |       |     2 |       ||     2
  Eat: Chunk             |       |     6 |     6 |    21 |    17 |    23 |     8 |    20 |     2 ||   103
       Ration            |       |       |       |     1 |     3 |     5 |     7 |     9 |     1 ||    26
Armor: Scale mail        |    54 |    14 |       |       |       |       |       |       |       ||    68
       Ring mail         |       |    19 |    74 |    25 |       |       |       |       |       ||   118
       Chain mail        |       |       |       |   270 |   212 |   415 |   178 |   153 |       ||  1228
       Skin              |       |       |       |    12 |       |       |       |       |       ||    12
       Plate armour      |       |       |       |       |       |       |       |   361 |    41 ||   402
Dodge: Dodged            |    36 |    50 |    90 |   225 |   249 |   577 |   277 |   615 |    38 ||  2157
       Deflected         |       |       |       |    11 |    10 |    23 |    19 |    36 |       ||    99
Block: Kite shield       |    64 |    84 |   178 |   653 |   460 |       |       |       |       ||  1439
       Tower shield      |       |       |       |       |   490 |  2387 |  1282 |  2627 |   163 ||  6949
       Rpst.: Long sword |    14 |    19 |     2 |       |       |       |       |       |       ||    35
       Falchion          |       |       |       |       |       |    10 |       |       |       ||    10

Table legend:
 A = Non-vault XP
 B = Vault XP
 C = Vault XP percentage of total XP
 D = Non-vault monster count
 E = Vault monster count
 F = Vault count percentage of total count
                 A         B        C        D         E       F
            +---------+---------+-------+---------+---------+-------
      Total |  464790 |  346282 |  42.7 |    1293 |     694 |  34.9
            +---------+---------+-------+---------+---------+-------
        D:1 |      59 |       0 |   0.0 |      32 |       0 |   0.0
        D:2 |      85 |       0 |   0.0 |      23 |       0 |   0.0
        D:3 |      64 |      39 |  37.9 |      13 |       1 |   7.1
        D:4 |     258 |       0 |   0.0 |      15 |       0 |   0.0
        D:5 |     385 |     172 |  30.9 |      18 |       1 |   5.3
        D:6 |     414 |       0 |   0.0 |      19 |       0 |   0.0
        D:7 |    1434 |     619 |  30.2 |      36 |       2 |   5.3
        D:8 |    1200 |    2169 |  64.4 |      21 |      18 |  46.2
        D:9 |    3797 |       6 |   0.2 |      36 |       2 |   5.3
       D:10 |    4643 |     408 |   8.1 |      53 |      30 |  36.1
       D:11 |    6722 |    3339 |  33.2 |      51 |      18 |  26.1
       D:12 |    5119 |       0 |   0.0 |      15 |       0 |   0.0
       D:13 |   12564 |       0 |   0.0 |      60 |       0 |   0.0
       D:14 |   11309 |    3907 |  25.7 |      31 |      12 |  27.9
       D:15 |   12032 |    2653 |  18.1 |      37 |       4 |   9.8
     Lair:1 |     833 |    1727 |  67.5 |       5 |       2 |  28.6
     Lair:2 |    1048 |       0 |   0.0 |       8 |       0 |   0.0
     Lair:3 |    5464 |    1105 |  16.8 |      25 |       4 |  13.8
     Lair:4 |    4644 |    2784 |  37.5 |      19 |       8 |  29.6
     Lair:5 |    6527 |    1948 |  23.0 |      26 |       6 |  18.8
     Lair:6 |   22012 |   34053 |  60.7 |      58 |      99 |  63.1
   Spider:1 |   16280 |    1891 |  10.4 |      51 |       6 |  10.5
   Spider:2 |   13213 |    3251 |  19.7 |      39 |       2 |   4.9
   Spider:3 |   18783 |       0 |   0.0 |      47 |       0 |   0.0
   Spider:4 |   13602 |   23687 |  63.5 |      29 |      43 |  59.7
    Slime:1 |   10141 |       0 |   0.0 |      27 |       0 |   0.0
    Slime:2 |    4422 |       0 |   0.0 |       8 |       0 |   0.0
    Slime:3 |    8561 |       0 |   0.0 |      14 |       0 |   0.0
    Slime:4 |   29291 |    9935 |  25.3 |      58 |       6 |   9.4
    Slime:5 |   17783 |    6466 |  26.7 |      21 |       6 |  22.2
      Orc:1 |    4170 |    1698 |  28.9 |      22 |       4 |  15.4
      Orc:2 |     870 |   24659 |  96.6 |       1 |     144 |  99.3
      Elf:1 |   26154 |    6302 |  19.4 |      40 |      10 |  20.0
      Elf:2 |   16490 |   27996 |  62.9 |      28 |      31 |  52.5
      Elf:3 |   14965 |   47257 |  75.9 |      25 |      32 |  56.1
   Vaults:1 |   18668 |   17572 |  48.5 |      41 |      32 |  43.8
   Vaults:2 |   46512 |   20626 |  30.7 |      81 |      33 |  28.9
   Vaults:3 |   46596 |   20266 |  30.3 |      70 |      27 |  27.8
   Vaults:4 |   40461 |   50950 |  55.7 |      53 |      50 |  48.5
   Vaults:5 |       0 |   15799 | 100.0 |       0 |      18 | 100.0
   Depths:1 |     131 |       0 |   0.0 |       1 |       0 |   0.0
    Abyss:2 |   17084 |       0 |   0.0 |      36 |       0 |   0.0
      IceCv |       0 |    9964 | 100.0 |       0 |      36 | 100.0
    Volcano |       0 |    3034 | 100.0 |       0 |       7 | 100.0
            +---------+---------+-------+---------+---------+-------
